 Dungeon Crawl Stone Soup version 0.18-a0-425-ge088ad1 (webtiles) character file.

642 FishmanTm the Insei (level 7, -4/48 HPs)
             Began as a Merfolk Transmuter on Nov 30, 2015.
             Killed from afar by an orc wizard (9 damage)
             ... with a puff of flame
             ... on level 4 of the Dungeon.
             The game lasted 00:10:59 (4758 turns).

FishmanTm the Insei (Merfolk Transmuter)            Turns: 4758, Time: 00:10:59

Health: -4/48      AC:  2    Str: 10    XL:     7   Next: 51%
Magic:  6/10       EV: 21    Int: 15    God:
Gold:   211        SH:  0    Dex: 19    Spells: 3 memorised, 4 levels left

rFire  . . .     SeeInvis .       - Unarmed
rCold  . . .     Clarity  .     (armour currently unavailable)
rNeg   . . .     SustAt   .     (shield currently unavailable)
rPois  x         Gourm    .     (helmet currently unavailable)
rElec  .         Spirit   .     (cloak currently unavailable)
rCorr  .         Dsmss    .     (gloves currently unavailable)
rMut   .         Stasis   .     (boots currently unavailable)
MR     .....                    (no amulet)
Stlth  ++........               (no ring)
                                (no ring)

@: spider-form (expiring), not resistant to hostile enchantments, unstealthy
A: (change form in water), (swift swim)
a: End Transformation


You were on level 4 of the Dungeon.
You were not hungry.
You were a venomous arachnid creature.
You visited 1 branch of the dungeon, and saw 4 of its levels.
You also visited: Sewer.

You collected 211 gold pieces.

Inventory:

Missiles
 a - 53 arrows
Armour
 b - a +0 robe (melded)
 x - a +0 cloak (melded)
Wands
 e - a wand of cold (7)
 k - a wand of polymorph (18)
Scrolls
 g - a scroll of fog {unknown}
 h - a scroll of remove curse {unknown}
 i - a scroll of recharging
 j - 3 scrolls of enchant armour
 l - a scroll of noise {unknown}
 n - a scroll of blinking {unknown}
 p - a scroll of fear {unknown}
 r - a scroll of random uselessness {unknown}
 t - 2 scrolls of teleportation
 u - a scroll of vulnerability {unknown}
 w - a scroll of immolation {unknown}
 y - 2 scrolls of identify
Potions
 f - a potion of lignification
 m - a potion of brilliance
 q - a potion of cancellation {unknown}
 s - 4 potions of flight
Books
 c - a book of Changes

   Spells                             Type                      Level
   a - Beastly Appendage              Transmutation                1
   b - Sticks to Snakes               Transmutation                2
   c - Spider Form                    Transmutation/Poison         3
   d - Ice Form                       Ice/Transmutation            4
   e - Blade Hands                    Transmutation                5
 A - a book of Alchemy

   Spells                             Type                      Level
   a - Sublimation of Blood           Necromancy                   2
   b - Ignite Poison                  Fire/Transmutation/Poison    3
   c - Alistair's Intoxication        Transmutation/Poison         4
   d - Condensation Shield            Ice                          4
   e - Petrify                        Transmutation/Earth          4
   f - Irradiate                      Conjuration/Transmutation    5
Comestibles
 d - 3 bread rations
 o - a beef jerky
 v - 5 chunks of flesh
 z - a meat ration


   Skills:
 - Level 1.1 Fighting
 - Level 2.6 Dodging
 + Level 7.6 Unarmed Combat
 - Level 2.0 Spellcasting
 - Level 5.6 Transmutations
 + Level 2.5 Evocations


You had 4 spell levels left.
You knew the following spells:

 Your Spells              Type           Power        Failure   Level  Hunger
a - Beastly Appendage     Trmt           ###...       8%          1    #......
b - Sticks to Snakes      Trmt           ###.....     12%         2    ###....
c - Spider Form           Trmt/Pois      #.........   45%         3    ###....


Dungeon Overview and Level Annotations

Branches:
Dungeon (4/15)
 Temple: D:4-7

Altars:
Sif Muna
Yredelemnul

Annotations:
D:2 1 runed door


Message History

The orc wizard points at you and mumbles some strange words.
The puff of flame hits you!
* * * LOW HITPOINT WARNING * * *
You completely miss the orc priest.
The orc priest is almost dead.
The orc hits you with a mace.
* * * LOW HITPOINT WARNING * * *
The orc wizard barely misses you. The orc priest barely misses you.
Unknown command.
You bite the orc priest!
You kill the orc priest!
The orc wizard points at you and mumbles some strange words.
The puff of flame hits you!
* * * LOW HITPOINT WARNING * * *
The orc hits you with a mace.
* * * LOW HITPOINT WARNING * * *
Your transformation is almost over.
The orc wizard points at you and mumbles some strange words.
The puff of flame hits you!
You die...

#.## #.# ##
#. #. #. #
#.#. #.#.#.#
##.#.#.### #
#........#.#
#!.#...#l#.#
#?.....s)o.#
#.#....#o###
#.......Z#
###.##.###
#.##.#
#######.##.#
...........#
####...####
. #...#


You could see an iguana, an orc wizard, an orc and a giant gecko skeleton.

Vanquished Creatures
  2 ogres (D:4)
  2 orc priests
  Crazy Yiuf (D:3)
  Jessica (D:3)
  An orc wizard (D:4)
  A merfolk avatar (Sewer)
  2 sirens (Sewer)
  2 worker ants
  3 gnolls (D:3)
  4 adders
  6 river rats
  3 worms
  6 giant geckos
  10 orcs
  9 ball pythons
  2 bats
  10 goblins
  5 hobgoblins
  2 quokkas
  5 giant cockroaches
  8 giant newts
  12 kobolds
  A kobold skeleton (D:2)
  28 rats
126 creatures vanquished.

Vanquished Creatures (collateral kills)
  2 giant newts
  A kobold (D:2)
3 creatures vanquished.

Grand Total: 129 creatures vanquished

Notes
Turn   | Place    | Note
--------------------------------------------------------------
     0 | D:1      | FishmanTm the Merfolk Transmuter began the quest for the Orb.
     0 | D:1      | Reached XP level 1. HP: 15/15 MP: 3/3
   301 | D:1      | Reached XP level 2. HP: 14/21 MP: 5/5
   493 | D:1      | Reached skill level 4 in Unarmed Combat
   622 | D:1      | Learned a level 2 spell: Sticks to Snakes
  1081 | D:1      | Reached XP level 3. HP: 26/26 MP: 3/6
  1086 | D:1      | Learned a level 3 spell: Spider Form
  1287 | D:2      | Found a runed door.
  1287 | D:2      | Noticed a human
  1292 | D:2      | Found a basalt altar of Yredelemnul.
  1660 | D:2      | Reached skill level 5 in Unarmed Combat
  1878 | D:2      | Reached XP level 4. HP: 16/32 MP: 3/7
  2336 | D:3      | Found a glowing drain.
  2376 | Sewer    | Entered a sewer
  2428 | Sewer    | Reached XP level 5. HP: 33/37 MP: 6/8
  2851 | Sewer    | Reached skill level 5 in Transmutations
  2928 | Sewer    | Reached XP level 6. HP: 27/43 MP: 4/9
  3297 | D:3      | Reached skill level 6 in Unarmed Combat
  3618 | D:3      | Noticed Jessica
  3631 | D:3      | Killed Jessica
  4031 | D:3      | Noticed Crazy Yiuf
  4038 | D:3      | Killed Crazy Yiuf
  4038 | D:3      | Reached skill level 7 in Unarmed Combat
  4150 | D:4      | Reached skill level 1 in Evocations
  4150 | D:4      | Reached XP level 7. HP: 48/48 MP: 1/10
  4167 | D:4      | Found a deep blue altar of Sif Muna.
  4758 | D:4      | Killed from afar by an orc wizard

Vault maps used:
D:1:      dpeg_arrival_rhombi, st_stairs_9
D:2:      dk_yredelemnul_ordeal
D:3:      portal_sewer_entry_e, uniq_crazy_yiuf_cottage, uniq_jessica
D:4:      kennysheep_mini, gammafunk_temple_overflow_pools,
          hangedman_abyss_or_decor_stabs
Sewer:    sewer_sea

Action                   |  1- 3 |  4- 6 |  7- 9 || total
-------------------------+-------+-------+-------++-------
Melee: Unarmed           |   122 |   224 |    44 ||   390
 Cast: Beastly Appendage |    24 |     6 |       ||    30
       Spider Form       |     6 |    19 |     7 ||    32
       Sticks to Snakes  |     2 |     1 |       ||     3
 Abil: End Transformatio |       |     4 |       ||     4
  Use: Potion            |       |     2 |       ||     2
       Scroll            |       |     5 |       ||     5
 Stab: Sleeping          |       |     5 |       ||     5
  Eat: Chunk             |     5 |    11 |     3 ||    19
